 Dungeon Crawl Stone Soup version 0.23.2-1-ga50397a (webtiles) character file.

Game seed: 1543161177467463372

1422 troglodite the Covered (level 8, -3/62 HPs)
             Began as a Demonspawn Berserker on May 20, 2019.
             Was an Elder of Trog.
             Slain by an orc warrior
             ... wielding a +0 glaive of venom
              (15 damage)
             ... on level 6 of the Dungeon.
             The game lasted 00:11:44 (6032 turns).

troglodite the Covered (Demonspawn Berserker)       Turns: 6032, Time: 00:11:45

Health: -3/62      AC: 12    Str: 17    XL:     8   Next: 44%
Magic:  8/8        EV:  8    Int:  8    God:    Trog [****..]
Gold:   233        SH:  4    Dex: 16    Spells: 7/7 levels left

rFire    . . .     SeeInvis +   j - +2 dagger (venom)
rCold    . . .     Gourm    .   x - +0 buckler
rNeg     . . .     Faith    .   o - +0 chain mail
rPois    .         Spirit   .   (helmet restricted)
rElec    .         Reflect  .   (no cloak)
rCorr    .         Harm     .   (no gloves)
MR       ++...                  (no boots)
Stlth    +++.......             (no amulet)
HPRegen  1.20/turn              n - ring of see invisible
MPRegen  0.11/turn              t - ring of stealth

@: lethally poisoned (-3 -> -13), regenerating
A: antennae 1, icy blue scales 1, demonic guardian 1, nightstalker 2
a: Berserk, Trog's Hand, Brothers in Arms, Renounce Religion


You were on level 6 of the Dungeon.
You worshipped Trog.
Trog was greatly pleased with you.
You were not hungry.

You visited 1 branch of the dungeon, and saw 6 of its levels.

You collected 233 gold pieces.

Inventory:

Hand Weapons
 a - a +0 falchion
 j - a +2 dagger of venom (weapon)
Armour
 o - a +0 chain mail (worn)
 x - a +0 buckler (worn)
Jewellery
 n - a ring of see invisible (left hand)
 t - a ring of stealth (right hand)
Scrolls
 e - a scroll of enchant weapon {unknown}
 g - 6 scrolls of teleportation {unknown}
 k - 2 scrolls of identify {unknown}
 l - 5 scrolls of remove curse {unknown}
 s - a scroll of magic mapping {unknown}
 u - a scroll of amnesia {unknown}
 v - a scroll of blinking {unknown}
Potions
 b - 4 potions of curing {unknown}
 d - a potion of agility {unknown}
 f - a potion of flight {unknown}
 h - a potion of degeneration {unknown}
 i - a potion of cancellation {unknown}
 m - 4 potions of berserk rage {unknown}
 p - 2 potions of resistance {unknown}
 q - a potion of might {unknown}
 r - a potion of brilliance {unknown}
 w - a potion of lignification {unknown}
Comestibles
 c - 9 rations
 z - 2 chunks of flesh


   Skills:
 * Level 5.3 Fighting
 + Level 3.7(4.3) Short Blades
 + Level 3.2(4.0) Long Blades
 * Level 5.7 Armour
 * Level 3.8 Dodging
 * Level 3.5 Stealth
 * Level 0.5 Shields


You had 7 spell levels left.
You didn't know any spells.
Your spell library was empty.

Dungeon Overview and Level Annotations

Branches:
Dungeon (6/15)             Temple (0/1) D:4

Altars:
Fedhas
Kikubaaqudgha
Xom
Yredelemnul
Zin


Innate Abilities, Weirdness & Mutations

You have a pair of small antennae on your head.
You are partially covered in icy blue scales. (AC +2)
A weak demonic guardian rushes to your aid.
You are significantly more attuned to the shadows.


Message History

You are poisoned.
The orc shouts!
Your shield and chain mail prevent you from hitting the orc warrior.
You feel very sick.
The orc warrior hits you with a +0 glaive of venom!
You are more poisoned.
Your chain mail prevents you from hitting the orc warrior.
* * * LOW HITPOINT WARNING * * *
You feel very sick.
Your shadow imp barely misses the orc warrior.
You barely miss the orc warrior.
* * * LOW HITPOINT WARNING * * *
You feel sick. The orc misses your shadow imp.
Your skin crawls.
You feel resistant to hostile enchantments.
You feel somewhat more hungry.
* * * LOW HITPOINT WARNING * * *
You feel very sick.
The orc warrior hits you with a +0 glaive of venom!
You die...

... #.# ..# #.#
..# #o#....
.####5#...#
....o@.....
.####)#.........
...............
..............
.####.##.#.#.###
#
#.##.#.....#.##.
#.........[.>...
#.##.#...#.####.
..........#.#


You could see an orc warrior, an orc and a friendly shadow imp.

Vanquished Creatures
  Sigmund (D:2)
  4 ogres
  An ice beast (D:5)
  A centaur (D:5)
  A bullfrog (D:6)
  3 crimson imps
  A jelly (D:6)
  3 hounds
  2 orc priests
  2 centaur skeletons (D:4)
  An iguana (D:5)
  Terence (D:2)
  A worker ant (D:4)
  A hound zombie (D:5)
  A hound skeleton (D:6)
  5 adders
  3 gnolls (D:6)
  2 howler monkey skeletons (D:4)
  4 oozes
  2 adder zombies
  6 worms
  5 dart slugs
  2 leopard geckos
  15 orcs
  8 bats
  4 giant cockroaches
  10 goblins
  12 hobgoblins
  4 jackals (D:2)
  6 quokkas
  2 ball pythons
  2 frilled lizards
  7 kobolds
  10 rats
  A bush (D:5)
134 creatures vanquished.

Vanquished Creatures (collateral kills)
  An ogre (D:5)
  A howler monkey (D:5)
  An orc priest (D:4)
  An orc wizard (D:4)
4 creatures vanquished.

Grand Total: 138 creatures vanquished

Notes
Turn   | Place    | Note
-------+----------+-------------------------------------------
     0 | D:1      | troglodite the Demonspawn Berserker began the quest for the
                  | Orb.
     0 | D:1      | Reached XP level 1. HP: 18/18 MP: 1/1
   178 | D:1      | Gained mutation: You are slightly more attuned to the
                  | shadows. [demonic ancestry]
   178 | D:1      | Reached XP level 2. HP: 13/24 MP: 2/2
  1039 | D:2      | Reached XP level 3. HP: 25/29 MP: 3/3
  1143 | D:2      | Reached ** piety under Trog
  1333 | D:2      | Noticed Terence
  1350 | D:2      | Killed Terence
  1350 | D:2      | Reached skill level 1 in Stealth
  1350 | D:2      | Gained mutation: You have a pair of small antennae on your
                  | head. [demonic ancestry]
  1350 | D:2      | Reached XP level 4. HP: 23/37 MP: 4/4
  1608 | D:2      | Found a faded altar of an unknown god.
  1732 | D:2      | Noticed Sigmund
  1737 | D:2      | Killed Sigmund
  1737 | D:2      | Reached skill level 1 in Short Blades
  1737 | D:2      | Gained mutation: You are partially covered in icy blue
                  | scales. (AC +2) [demonic ancestry]
  1737 | D:2      | Reached XP level 5. HP: 42/42 MP: 5/5
  1908 | D:3      | Gained mutation: A weak demonic guardian rushes to your
                  | aid. [demonic ancestry]
  1908 | D:3      | Reached XP level 6. HP: 49/49 MP: 6/6
  1915 | D:3      | Reached *** piety under Trog
  2938 | D:4      | HP: 2/49 [ogre/+0 giant club (11)]
  3309 | D:5      | Entered Level 5 of the Dungeon
  3520 | D:4      | Reached XP level 7. HP: 55/55 MP: 7/7
  3735 | D:4      | Reached **** piety under Trog
  4301 | D:4      | Found a staircase to the Ecumenical Temple.
  4654 | D:5      | Reached skill level 5 in Fighting
  4722 | D:5      | Found a blossoming altar of Fedhas.
  4777 | D:5      | Reached skill level 5 in Armour
  4777 | D:5      | Gained mutation: You are significantly more attuned to the
                  | shadows. [demonic ancestry]
  4777 | D:5      | Reached XP level 8. HP: 30/62 MP: 8/8
  5145 | D:5      | Found a basalt altar of Yredelemnul.
  5145 | D:5      | Found a shimmering altar of Xom.
  5146 | D:5      | Found an ancient bone altar of Kikubaaqudgha.
  5322 | D:5      | Found a glowing silver altar of Zin.
  6032 | D:6      | Slain by an orc warrior

Skill      XL: |  1  2  3  4  5  6  7 |
---------------+----------------------+-----
Dodging        | 2 3 |  3.8
Long Blades    | 3 |  3.2
Armour         | 2 3 5 |  5.7
Stealth        | 1 2 3 |  3.5
Fighting       | 4 5 |  5.3
Short Blades   | 1 2 3 |  3.7
Shields        | |  0.5

Action                   |  1- 3 |  4- 6 |  7- 9 || total
-------------------------+-------+-------+-------++-------
Melee: Falchion          |    32 |       |       ||    32
       Dagger            |    60 |   174 |   268 ||   502
Invok: Berserk           |     2 |     3 |     4 ||     9
       Trog's Hand       |       |       |     1 ||     1
 Stab: Sleeping          |     2 |       |     2 ||     4
       Distracted        |     1 |     1 |       ||     2
  Eat: Chunk             |     2 |    11 |     9 ||    22
       Ration            |       |       |     1 ||     1
Armor: Animal skin       |     9 |       |       ||     9
       Ring mail         |    26 |       |       ||    26
       Chain mail        |       |    79 |   100 ||   179
Dodge: Dodged            |    63 |    54 |    67 ||   184
Block: Buckler           |       |       |     8 ||     8
       Rpst.: Falchion   |     7 |       |       ||     7
